 Dungeon Crawl Stone Soup version 0.29.0-4-gdea44cf6ec (webtiles) character file.

Game seed: 6588408061084611690

0 qw the Sneak (level 1, -2/14 HPs)
             Began as a Gargoyle Delver on Sept 10, 2022.
             Slain by a water moccasin (6 damage)
             ... on level 4 of the Dungeon.
             The game lasted 00:00:02 (26 turns).

qw the Sneak (Gargoyle Delver)                        Turns: 26, Time: 00:00:02

Health: -2/14      AC:  5    Str: 15    XL:     1   Next: 10%
Magic:  1/1        EV: 11    Int: 10    God:
Gold:   0          SH:  0    Dex: 11    Spells: 0/0 levels left

rFire   . . .      SeeInvis .   a - +0 hand axe
rCold   . . .      Faith    .   (no shield)
rNeg    + . .      Spirit   .   b - +0 leather armour
rPois   inf        Reflect  .   (no helmet)
rElec   +          Harm     .   (no cloak)
rCorr   .          Rampage  .   (no gloves)
Will    .....                   (no boots)
Stlth   +++.......              (no amulet)
HPRegen 0.04/turn               (no ring)
MPRegen 0.07/turn               (no ring)

@: no status effects
A: sickness immunity, AC +2, negative energy resistance 1, electricity
resistance, torment resistance 1, petrification resistance
a: no special abilities


You were on level 4 of the Dungeon.
You visited 1 branch of the dungeon, and saw 2 of its levels.


Innate Abilities, Weirdness & Mutations

You are immune to sickness and miasma.
Your stone body is resilient. (AC +2)
You are immune to poison.
You resist negative energy. (rN+)
You are resistant to electric shocks. (rElec)
You are resistant to unholy torment.
You are immune to petrification.


   Skills:
 - Level 3.2 Fighting
 + Level 1.8 Axes
 - Level 1.5 Dodging
 - Level 5.4 Stealth


You couldn't memorise any spells.
You didn't know any spells.
Your spell library was empty.

Inventory:

Hand Weapons
 a - a +0 hand axe (weapon)
Armour
 b - a +0 leather armour (worn)
Wands
 g - a wand of digging (3)
Potions
 f - a potion of haste

Dungeon Overview and Level Annotations

Branches:
Dungeon (5/15)
 Temple: D:4-7

Altars:


Message History

The giant cockroach bites you but does no damage.
The orc barely misses you.
You completely miss the water moccasin.
The water moccasin is lightly wounded.
You hit the giant cockroach. You hit the orc but do no damage.
The water moccasin barely misses you.
The giant cockroach completely misses you.
The water moccasin barely misses you.
An orc comes into view.
It is wielding a +0 club and quivering boomerangs of dispersal.
The orc hits you with a +0 whip. The giant cockroach closely misses you.
The orc shouts!
You hit the giant cockroach but do no damage.
The giant cockroach is moderately wounded.
You hit the orc.
You hit the water moccasin but do no damage.
The water moccasin bites you.
The giant cockroach bites you but does no damage.
The orc barely misses you. The water moccasin barely misses you.
You completely miss the orc.
The orc is heavily wounded.
You hit the water moccasin. You hit the giant cockroach.
The giant cockroach misses you. The water moccasin closely misses you.
The orc closely misses you.
An orc priest comes into view. It is wielding a +0 mace.
The giant cockroach closely misses you.
You closely miss the giant cockroach.
The giant cockroach is severely wounded.
You closely miss the water moccasin. You barely miss the orc.
The water moccasin barely misses you. The orc barely misses you.
The giant cockroach bites you but does no damage.
The water moccasin bites you.
You closely miss the giant cockroach.
The giant cockroach is severely wounded.
You hit the orc.
You kill the orc!
You miss the water moccasin. The water moccasin closely misses you.
The giant cockroach bites you but does no damage.
The water moccasin bites you.
You die...

#.......
#.......
#..#...##
#.......#
#.....[.#
....oo.
#.BS###
#o@..#
#.#### #.
##


You could see a water moccasin, an orc priest, 2 orcs and a giant cockroach.

Vanquished Creatures
  An orc (D:4)
  A kobold (D:4)
2 creatures vanquished.

Notes
Turn   | Place    | Note
-------+----------+-------------------------------------------
     0 | D:5      | qw the Gargoyle Delver began the quest for the Orb.
     0 | D:5      | Reached XP level 1. HP: 14/14 MP: 1/1
     0 | D:5      | 0 ||| qw: Version: 0.1-a-116-g5d60599
     0 | D:5      | 0 ||| qw: Game counter: 8436
     0 | D:5      | 0 ||| qw: Always use a shield: true
     0 | D:5      | 0 ||| qw: God list: Okawaru
     0 | D:5      | 0 ||| qw: Allow faded altars: false
     0 | D:5      | 0 ||| qw: Do Orc after D:15 true
     0 | D:5      | 0 ||| qw: Do second Lair branch before Depths: true
     0 | D:5      | 0 ||| qw: Lair rune preference: random
     0 | D:5      | 0 ||| qw: Plans: Normal
     0 | D:5      | 0 ||| PLANNING D:1-11
     3 | D:5      | 3 ||| DROPPING scroll of fog.
     4 | D:5      | 4 ||| DROPPING scroll of magic mapping.
     5 | D:5      | 5 ||| DROPPING scroll of fear.
    14 | D:4      | Noticed a water moccasin
    24 | D:4      | Noticed an orc priest
    26 | D:4      | Slain by a water moccasin

Levels and vault maps discovered:
D:4:      minmay_chambers_of_fours, layout_loops_ring, kennysheep_another_room,
          uniq_sigmund
D:5:      layout_loops_ring, grunt_temple_overflow_open,
          uniq_crazy_yiuf_cottage, uniq_menkaure

Action                   || total
-------------------------++-------
Melee: Hand axe          ||    10
Armor: Leather armour    ||     9
Dodge: Dodged            ||    23

Table legend:
 A = Non-vault XP
 B = Vault XP
 C = Vault XP percentage of total XP
 D = Non-vault monster count
 E = Vault monster count
 F = Vault count percentage of total count
                 A         B        C        D         E       F
            +---------+---------+-------+---------+---------+-------
      Total |       4 |       0 |   0.0 |       2 |       0 |   0.0
            +---------+---------+-------+---------+---------+-------
        D:4 |       4 |       0 |   0.0 |       2 |       0 |   0.0
            +---------+---------+-------+---------+---------+-------
